 Dungeon Crawl Stone Soup version 0.31-a0-981-geadf994542 (webtiles) character file.

Game seed: 781885476969466131

8662 MacCMillion the Cleaver (level 11, -16/97 HPs)
             Began as a Ghoul Fighter on Nov 1, 2023.
             Was a Believer of Makhleb.
             Hit by a large rock thrown by a cyclops (30 damage)
             ... on level 11 of the Dungeon.
             The game lasted 00:20:16 (12115 turns).

MacCMillion the Cleaver (Ghoul Fighter)            Turns: 12115, Time: 00:20:17

Health: -16/97     AC: 15    Str: 28    XL:     11   Next: 34%
Magic:  14/14      EV:  7    Int:  9    God:    Makhleb [**....]
Gold:   594        SH:  4    Dex:  8    Spells: 10/10 levels left

rFire   . . .        J - +4 hand axe
rCold   + . .        c - +0 buckler
rNeg    + + +        H - +0 plate armour
rPois   ∞            (no helmet)
rElec   .            (no cloak)
rCorr   .            s - +2 pair of gloves {Str+3}
SInv    .            (no boots)
Will    .....        (no amulet) Stlth
                     w - +6 ring of intelligence
HPRegen 0.00/turn    (no ring)
MPRegen 0.14/turn

%: no passive effects
@: inhibited regen
A: claws 1, cold resistance 1, negative energy resistance 3, inhibited
regeneration, torment resistance 2, devour on kill
a: Renounce Religion, Minor Destruction


You were on level 11 of the Dungeon.
You worshipped Makhleb.
Makhleb was pleased with you.
You visited 2 branches of the dungeon, and saw 12 of its levels.

You collected 594 gold pieces.

Inventory:

Hand Weapons
 a - a +0 war axe
 J - a +4 hand axe (weapon)
Armour
 c - a +0 buckler (worn)
 d - a +0 kite shield
 s - a +2 pair of gloves of strength (worn)
 D - a +0 chain mail
 H - a +0 plate armour (worn)
 I - a +1 ring mail of poison resistance
Jewellery
 w - a +6 ring of intelligence (left hand)
 y - a +6 ring of intelligence
 B - a ring of magical power
Wands
 b - a wand of charming (8)
 j - a wand of polymorph (22)
 x - a wand of flame (15)
 K - a wand of quicksilver (3)
 L - a wand of roots (6)
Scrolls
 e - 2 scrolls of blinking
 f - 2 scrolls of noise
 i - a scroll of enchant armour
 k - 4 scrolls of enchant weapon {unknown}
 l - 2 scrolls of immolation {unknown}
 p - 5 scrolls of revelation {unknown}
 u - a scroll of amnesia
 v - 2 scrolls of fog {unknown}
 G - a scroll of vulnerability
 M - a scroll of fear
Potions
 g - 2 potions of attraction
 h - a potion of heal wounds
 m - 4 potions of enlightenment
 n - 3 potions of mutation
 o - 4 potions of brilliance
 q - a potion of lignification
 t - 5 potions of curing
 z - 3 potions of degeneration
 A - 2 potions of resistance
 C - a potion of invisibility {unknown}
 E - a potion of berserk rage {unknown}


   Skills:
 + Level 9.2 Fighting
 + Level 12.1 Axes
 + Level 5.7 Armour
 - Level 4.0 Shields
 + Level 5.6 Invocations


You had 10 spell levels left.
You didn't know any spells.
Your spell library contained the following spells:

 Spells                   Type           Power      Damage    Failure   Level
 Necrotise                Necr           0%         1d4       99%         1
 Tukima's Dance           Hex            0%         N/A       100%        3
 Vampiric Draining        Necr           0%         2d6       100%        3
 Dimensional Bullseye     Hex/Tloc       0%         N/A       100%        4
 Iskenderun's Mystic Bla  Conj/Tloc      0%         2d3       100%        4
 Olgreb's Toxic Radiance  Pois           0%         N/A       100%        4
 Agony                    Necr           0%         N/A       100%        5
 Discord                  Hex            0%         N/A       100%        8
 Ignition                 Fire           0%         3d3       100%        8


Dungeon Overview and Level Annotations

Branches:
Dungeon (11/15)            Temple (1/1) D:7            Lair (0/5) D:9
    Orc: D:9-12

Altars:
Ashenzari
Cheibriados
Dithmenos
Fedhas
Gozag
Hepliaklqana
Kikubaaqudgha
Makhleb
Nemelex Xobeh
Okawaru
Qazlal
Ru
Sif Muna
Trog
Uskayaw
Vehumet
Wu Jian
Xom
Yredelemnul

Shops:
D:4 (   D:6 :

Annotations:
D:7 dig
D:8 3 runed translucent doors, Frosty's ghost, novice DrIE; Gladio's ghost, novice HuFi
D:9 1 runed translucent door, ongoing's ghost, journeyman KoHu
D:10 Lodul


Innate Abilities, Weirdness & Mutations

You are immune to poison.
You have sharp fingernails.
Your flesh is cold resistant. (rC+)
You are immune to negative energy. (rN+++)
You do not regenerate when monsters are visible.
You are immune to unholy pain and torment.
You thrive by killing the living.


Message History

Makhleb accepts your kill.
You feel better.
You barely miss the kobold brigand. You hit the kobold.
You kill the kobold!
Makhleb accepts your kill.
You feel better.
The kobold brigand hits you with a +0 short sword.
You hit the kobold but do no damage. You closely miss the kobold brigand.
The kobold brigand barely misses you. The kobold hits you but does no damage.
You closely miss the kobold. You hit the kobold brigand.
The kobold hits you but does no damage.
An orc wizard comes into view. It is wielding a +0 dagger.
The kobold brigand hits you but does no damage.
The orc wizard shouts!
You slash the kobold!
You kill the kobold!
Makhleb accepts your kill.
You feel better.
You completely miss the kobold brigand. You hit the orc warrior.
You hear a shout! x2
You barely miss the orc warrior.
The orc warrior is lightly wounded.
You hit the kobold brigand. You block the kobold brigand's attack.
The orc warrior hits you with a +0 scimitar!
You closely miss the orc warrior.
The orc warrior is lightly wounded.
You hit the kobold brigand. The kobold brigand barely misses you.
A cyclops comes into view.
The orc warrior hits you with a +0 scimitar!
* * * LOW HITPOINT WARNING * * *
You slash the orc warrior!
The orc warrior is heavily wounded.
You closely miss the kobold brigand. You closely miss the orc warrior.
The orc warrior is heavily wounded.
You closely miss the kobold brigand.
The orc warrior hits you with a +0 scimitar!
* * * LOW HITPOINT WARNING * * *
The kobold brigand barely misses you.
The cyclops throws a large rock.
The large rock hits you!!
You die...

.
############...
.......K)......
.......@)......
.......o)......
...............
.........o.....
#########.....$
...... ......
C.....


You could see a cyclops, an orc warrior, a kobold brigand and an orc wizard.

Vanquished Creatures
  A two-headed ogre (D:11)
  An unseen horror (D:10)
  A hornet (D:9)
  Prince Ribbit (D:6)
  8 yaks
  A shadow (D:9)
  A basilisk (D:9)
  A wraith (D:10)
  Eustachio (D:4)
  3 wyverns
  Duvessa (D:4)
  4 water moccasins (D:9)
  2 orc warriors
  3 black bears
  2 ice beasts
  8 ogres
  2 centaurs
  2 wolves (D:9)
  2 phantoms (D:5)
  3 kobold brigands
  3 bullfrogs
  3 gnoll sergeants
  3 scorpions
  4 wights
  Dowan (D:4)
  16 killer bees
  5 howler monkeys
  An electric eel (D:7)
  4 hounds (D:4)
  2 jellies
  2 gnoll boudas
  5 sleepcaps
  2 iguanas (D:6)
  4 orc wizards (D:8)
  25 gnolls
  9 adders
  2 white imps (D:5)
  2 ufetubi (D:6)
  3 worms
  A dart slug (D:5)
  16 orcs
  10 ball pythons
  11 endoplasms
  6 giant cockroaches
  8 goblins
  7 hobgoblins
  4 jackals
  26 kobolds
  6 quokkas
  6 bats
  4 frilled lizards
  7 rats
256 creatures vanquished.

Notes
Turn   | Place    | Note
-------+----------+-------------------------------------------
     0 | D:1      | MacCMillion the Ghoul Fighter began the quest for the Orb.
     0 | D:1      | Reached XP level 1. HP: 19/19 MP: 0/0
    47 | D:1      | Reached skill level 2 in Axes
    69 | D:1      | Reached XP level 2. HP: 26/26 MP: 1/1
   352 | D:1      | Reached XP level 3. HP: 31/31 MP: 2/2
   660 | D:2      | Found a shimmering altar of Xom.
   977 | D:2      | Reached XP level 4. HP: 36/38 MP: 3/3
  1121 | D:2      | Reached skill level 3 in Axes
  2212 | D:4      | Noticed a scorpion
  2227 | D:4      | Killed a scorpion
  2228 | D:4      | Reached XP level 5. HP: 36/45 MP: 4/4
  2367 | D:4      | Reached skill level 4 in Axes
  2606 | D:4      | Found Arehink's Antique Weapon Boutique.
  2656 | D:4      | You fall into a shaft and drop 3 floors!
  2669 | D:7      | Found a staircase to the Ecumenical Temple.
  2671 | D:7      | Noticed an ice beast
  2672 | D:7      | Noticed a kobold brigand
  2697 | D:7      | Killed an ice beast
  2698 | D:7      | Reached skill level 5 in Axes
  2698 | D:7      | Reached XP level 6. HP: 41/51 MP: 5/5
  2864 | D:6      | Reached skill level 6 in Axes
  2864 | D:6      | Reached XP level 7. HP: 53/57 MP: 6/6
  3376 | D:6      | Noticed Prince Ribbit
  3383 | D:6      | Killed Prince Ribbit
  3384 | D:6      | Reached skill level 7 in Axes
  3573 | D:5      | Entered Level 5 of the Dungeon
  3621 | D:5      | Reached XP level 8. HP: 60/63 MP: 7/7
  3754 | D:5      | Reached skill level 8 in Axes
  4019 | D:4      | Noticed Eustachio
  4047 | D:4      | Killed Eustachio
  4048 | D:4      | Reached skill level 9 in Axes
  4682 | D:4      | Noticed Dowan
  4684 | D:4      | Noticed Duvessa
  4715 | D:4      | Killed Duvessa
  4720 | D:4      | Killed Dowan
  4721 | D:4      | Reached skill level 10 in Axes
  4721 | D:4      | Reached XP level 9. HP: 33/70 MP: 8/8
  5442 | D:5      | Found a sacrificial altar of Ru.
  5999 | D:6      | Found Toqadias's Book Emporium.
  6688 | D:7      | Reached skill level 5 in Fighting
  7652 | D:8      | Reached skill level 11 in Axes
  7819 | Temple   | Entered the Ecumenical Temple
  7834 | Temple   | Became a worshipper of Makhleb the Destroyer
  8215 | D:8      | Reached skill level 1 in Invocations
  8215 | D:8      | Reached XP level 10. HP: 64/86 MP: 9/9
  8680 | D:8      | Found a runed translucent gate.
  8683 | D:8      | Found a runed translucent gate.
  8684 | D:8      | Found a runed translucent gate.
  8684 | D:8      | Noticed Frosty's ghost (novice DrIE)
  8684 | D:8      | Noticed Gladio's ghost (novice HuFi)
  8899 | D:8      | Reached * piety under Makhleb
  9113 | D:9      | Found a runed translucent door.
  9952 | D:9      | Noticed ongoing's ghost (journeyman KoHu)
  9952 | D:9      | Identified the +3 spear of the Jumping Ancients {freeze,
                  | rCorr Int-2 Dex+3 SInv}
 10535 | D:9      | Found a basalt altar of Yredelemnul.
 10538 | D:9      | Found a blossoming altar of Fedhas.
 10541 | D:9      | Found a shimmering blue altar of Sif Muna.
 10789 | D:9      | Reached ** piety under Makhleb
 10973 | D:9      | Found a staircase to the Lair.
 11196 | D:10     | Entered Level 10 of the Dungeon
 11204 | D:9      | Reached XP level 11. HP: 81/95 MP: 13/13
 11301 | D:10     | Reached skill level 5 in Armour
 11399 | D:10     | Reached skill level 5 in Invocations
 11477 | D:10     | Reached skill level 12 in Axes
 11583 | D:10     | Noticed Lodul
 11584 | D:10     | Noticed a two-headed ogre
 12099 | D:11     | Noticed a two-headed ogre
 12108 | D:11     | Killed a two-headed ogre
 12113 | D:11     | Noticed a cyclops
 12115 | D:11     | Hit by a large rock thrown by a cyclops

Illustrated notes

Levels and vault maps discovered:
D:1:      wander_arrival_peaceful_grave, layout_basic
D:2:      layout_rooms, basic_altar, kennysheep_generic_room_2
D:3:      layout_basic, minivault_24, minmay_misc_feat_five
D:4:      minmay_clustersquares, layout_loops_ring, serial_shops,
          nicolae_diamond_shop, uniq_duvessa, uniq_eustachio
D:5:      layout_rooms, marbit_many_paths, grunt_decor_one_mirror
D:6:      layout_loops_ring, serial_shops, nicolae_lakefront_shop,
          uniq_prince_ribbit1
D:7:      layout_rooms, minmay_temple_entry_stoned_glass, serial_glass,
          glass_columns_c, glass_columns_a, due_unseen_surprise,
          minmay_strange_pillars, minmay_strange_pillars, kennysheep_potato
D:8:      layout_gridville, gammafunk_ghost_cemetery
D:9:      layout_loops_ring, grunt_temple_overflow_diamond,
          minmay_lair_entry_grove, ebering_ghost_funeral_grove
D:10:     layout_loops_cross, uniq_lodul
D:11:     layout_long_grid, david_orc_4
Temple:   regret_index_temple_mists

Skill      XL: |  1  2  3  4  5  6  7  8  9 10 11 |
---------------+----------------------------------+-----
Axes           | 2 3 5 6 7 10 11 12 | 12.1
Shields        | 3 4 |  4.0
Fighting       | 7 8 9 |  9.2
Armour         | 3 4 5 |  5.7
Invocations    | 1 4 5 |  5.6

Action                     |  1- 3 |  4- 6 |  7- 9 | 10-12 || total
---------------------------+-------+-------+-------+-------++-------
  Melee: War axe           |   119 |   133 |   411 |    34 ||   697
         Hand axe          |       |       |       |   430 ||   430
 Invoke: Minor Destruction |       |       |       |    13 ||    13
  Evoke: Wand              |       |       |     1 |       ||     1
    Use: Scroll            |       |     4 |     5 |     6 ||    15
         Potion            |       |       |     2 |     2 ||     4
 Armour: Scale mail        |    80 |    98 |   143 |       ||   321
         Chain mail        |       |       |   137 |       ||   137
         Plate armour      |       |       |    71 |   373 ||   444
  Dodge: Dodged            |    66 |    66 |   192 |   130 ||   454
  Block: Buckler           |    18 |    30 |   105 |    58 ||   211

Table legend: (Time is in decaauts)
 A = Elapsed time spent in this place.
 B = Non-inter-level travel time spent in this place.
 C = Inter-level travel time spent in this place.
 D = Time resting spent in this place.
 E = Time spent auto-exploring this place.
 F = Levels seen in this place.
 G = Mean time per level.
                   A        B        C        D        E       F      G
               +--------+--------+--------+--------+--------+-----+--------+
         Total |  12145 |  11786 |    359 |   3566 |   5518 |  12 | 1012.1 |
       Dungeon |  12104 |  11764 |    340 |   3566 |   5518 |  11 | 1100.4 |
        Temple |     40 |     22 |     18 |      0 |      0 |   1 |   40.0 |
               +--------+--------+--------+--------+--------+-----+--------+

Top non-repeatable levels by time:
     D:8: 1779 daAuts
     D:7: 1654 daAuts
     D:4: 1627 daAuts
     D:6: 1572 daAuts
     D:9: 1466 daAuts
     D:3: 1279 daAuts
    D:10: 826 daAuts
     D:5: 699 daAuts
     D:1: 620 daAuts
     D:2: 566 daAuts
  Temple: 40 daAuts
    D:11: 11 daAuts
